 Dungeon Sprint DCSS version 0.27-a0-1191-g601b473118 (webtiles) character file.

Game seed: 14887649519441356078

2005 mhtbhm the Unseen (level 9, -10/46 HPs)
             Began as a Spriggan Brigand on May 24, 2021.
             Was a Priest of Dithmenos.
             Killed from afar by Erolcha (18 damage)
             ... with a fireball
             ... in the Dungeon (Sprint III: "The Ten Rune Challenge").
             The game lasted 00:05:16 (1834 turns).

mhtbhm the Unseen (Spriggan Brigand)                Turns: 1834, Time: 00:05:17

Health: -10/46     AC:  3    Str:  7    XL:     9   Next: 2%
Magic:  10/10      EV: 23    Int: 12    God:    Dithmenos [***...]
Gold:   34         SH:  0    Dex: 20    Spells: 5/8 levels left

rFire    . . .     SeeInvis +   a - +2 dagger
rCold    . . .     Faith    .   (shield restricted)
rNeg     . . .     Spirit   .   b - +0 robe
rPois    .         Reflect  .   (helmet restricted)
rElec    .         Harm     .   c - +0 cloak
rCorr    .         Rampage  .   (gloves unavailable)
Will     +....     NoTele   +   (boots unavailable) Stlth *+++++++++
                                (no amulet)
HPRegen  0.15/turn              (no ring)
MPRegen  0.12/turn              (no ring)

@: wreathed by umbra, very quick
A: very small, no large weapons, unfitting armour, see invisible, speed 3
a: Renounce Religion, Shadow Step


You were in the Dungeon.
You worshipped Dithmenos.
Dithmenos was most pleased with you.
You visited 1 branch You collected 34 gold pieces.

Inventory:

Hand Weapons
 a - a +2 dagger (weapon)
Armour
 b - a +0 robe (worn)
 c - a +0 cloak (worn)
Scrolls
 e - 2 scrolls of holy word {unknown}
 k - a scroll of blinking
 l - 5 scrolls of identify
Potions
 f - 2 potions of curing
 g - a potion of heal wounds
 h - a potion of flight {unknown}
 i - 2 potions of magic
 m - 8 potions of mutation
 n - a potion of might
Miscellaneous
 j - a piece from Xom's chessboard (11/15)


   Skills:
 + Level 4.9 Fighting
 + Level 7.6 Short Blades
 + Level 11.0 Throwing
 + Level 7.6 Dodging
 + Level 19.8 Stealth


You had 5 spell levels left.
You knew the following spells:

 Your Spells              Type           Power      Damage    Failure   Level
a - Mephitic Cloud        Conj/Pois/Air  0%         N/A       69%         3

Your spell library contained the following spells:

 Spells                   Type           Power      Damage    Failure   Level
 Magic Dart               Conj           0%         1d3       32%         1
 Sandblast                Erth           0%         2d4       32%         1
 Blink                    Tloc           N/A        N/A       45%         2
 Call Imp                 Summ           0%         N/A       45%         2
 Passwall                 Tmut/Erth      0%         N/A       45%         2
 Slow                     Hex            0%         N/A       45%         2
 Conjure Flame            Conj/Fire      0%         6-21      69%         3
 Stone Arrow              Conj/Erth      0%         3d7       69%         3
 Petrify                  Tmut/Erth      0%         N/A       97%         4
 Lee's Rapid Deconstruct  Erth           0%         3d5*      100%        5


Dungeon Overview and Level Annotations

Branches:
Dungeon (1/1)

Altars:
Cheibriados
Dithmenos
Elyvilon
Fedhas
Gozag
Hepliaklqana
Kikubaaqudgha
Makhleb
Nemelex Xobeh
Okawaru
Qazlal
Ru
Sif Muna
Trog
Uskayaw
Vehumet
Wu Jian
Xom
Yredelemnul
Zin
The Shining One
Beogh
Jiyva
Lugonu

Annotations:
D Erolcha


Innate Abilities, Weirdness & Mutations

You are very small and have problems with some larger weapons.
You are too small for most types of armour.
You have supernaturally acute eyesight. (SInv)
You cover ground extremely quickly. (Speed+++)


Message History

Erolcha is nearby!
Throw: dart (poison)
Press: ? - help, Q - select action, (/) - cycle Shift-Dir - straight line, f - Erolcha
Aim: Erolcha, wielding a +0 giant spiked club and wearing a +0 robe (wandering, hasn't noticed you, 77% to hit)
You throw a poisoned dart. The poisoned dart hits Erolcha!!
Erolcha looks as sick as possible!
Erolcha shouts!
Things that are here:
a +0 giant club; a +0 dire flail; a two-headed ogre skeleton You start resting.
Erolcha is nearby!
You make a move on Xom's chessboard...
Erolcha resists with almost no effort.
Unknown command.
You hit Erolcha but do no damage.
Erolcha is moderately wounded.
Erolcha closely misses you.
Unknown command.
You make a move on Xom's chessboard...
Erolcha resists with almost no effort.
Erolcha mumbles some strange words.
Erolcha blinks!
Unknown command.
Unknown command.
Erolcha is nearby!
Erolcha is nearby!
You make a move on Xom's chessboard...
Erolcha resists with almost no effort.
Erolcha gestures at you while chanting.
The fireball explodes!
The fireball engulfs you!!
Ouch! That really hurt!
* * * LOW HITPOINT WARNING * * *
You emit a cloud of dark smoke.
Unknown command.
Unknown command.
There is a fountain of clear blue water here.
Erolcha is nearby!
Erolcha is nearby!
You make a move on Xom's chessboard...
Erolcha twists and deforms.
Erolcha screams, "Lunch!"
Erolcha points at you and mumbles some strange words.
The fireball explodes!
The fireball engulfs you!!
You die...

▓▓▓▓▓▓ ▓▓▓ .#...####
##.############
.#......#####..#___#___#__#
##.).....#..#..#)..#__)#.O#
.##.##...#..#..###'#§###§##
.##.###..##'#..#...§§§§§..#
####.##..###...'@⌠..§O§§§.#
##..##..####..)#...######'#
....##..###....#.⌠.#__#...#+#####
#..##...##.....#...#__#...#....#.
..##....#......#'###__#..O##.#.)#
.###..##.#.....#.))#__#...(##.#.#
.# #.. ####....#___#__'...#...#.(
▓▓ ▓▓▓ ▓▓▓▓▓▓▓▓▓▓▓▓▓▓▓▓▓▓▓▓▓▓▓


You could see Erolcha (very poisoned, misshapen).

Vanquished Creatures
  A deep elf pyromancer (D)
  A shadow (D)
  A spatial vortex (D)
  A necrophage (D)
  5 two-headed ogres (D)
  A water elemental (D)
  A jelly (D)
  Jessica (D)
  A wizard (D)
  A necromancer (D)
  3 humans (D)
  A kobold demonologist (D)
  A phantom (D)
  An endoplasm (D)
  2 rats (D)
22 creatures vanquished.

Vanquished Creatures (others)
  3 plants (D)
3 creatures vanquished.

Grand Total: 25 creatures vanquished

Notes
Turn   | Place    | Note
-------+----------+-------------------------------------------
     0 | D        | mhtbhm the Spriggan Brigand began the quest for the Orb.
     0 | D        | Reached XP level 1. HP: 10/10 MP: 2/2
    17 | D        | Reached skill level 6 in Stealth
   347 | D        | Noticed Jessica
   354 | D        | Killed Jessica
   355 | D        | Reached skill level 9 in Stealth
   355 | D        | Reached XP level 2. HP: 8/15 MP: 3/3
   493 | D        | Reached XP level 3. HP: 18/18 MP: 4/4
   881 | D        | Reached skill level 10 in Stealth
   889 | D        | Noticed a water elemental
   892 | D        | Killed a water elemental
   893 | D        | Reached skill level 11 in Stealth
   893 | D        | Reached XP level 4. HP: 14/23 MP: 5/5
   928 | D        | Found a basalt altar of Yredelemnul.
   928 | D        | Found a shadowy altar of Dithmenos.
   928 | D        | Found a sacrificial altar of Ru.
   928 | D        | Noticed a necrophage
   935 | D        | Reached skill level 5 in Throwing
   935 | D        | Reached skill level 12 in Stealth
   944 | D        | Killed a necrophage
   945 | D        | Reached skill level 13 in Stealth
   945 | D        | Reached XP level 5. HP: 25/28 MP: 6/6
   989 | D        | Became a worshipper of Dithmenos the Shadowed
  1063 | D        | Found a glowing silver altar of Zin.
  1063 | D        | Found a glowing golden altar of the Shining One.
  1063 | D        | Found a white marble altar of Elyvilon.
  1064 | D        | Noticed a deep elf pyromancer
  1066 | D        | Killed a deep elf pyromancer
  1067 | D        | Reached skill level 5 in Short Blades
  1067 | D        | Reached skill level 5 in Dodging
  1067 | D        | Reached skill level 16 in Stealth
  1067 | D        | Reached XP level 6. HP: 33/33 MP: 7/7
  1067 | D        | Reached XP level 7. HP: 37/37 MP: 8/8
  1078 | D        | Found a radiant altar of Vehumet.
  1079 | D        | Found a shimmering blue altar of Sif Muna.
  1079 | D        | Found an ancient bone altar of Kikubaaqudgha.
  1082 | D        | Reached * piety under Dithmenos
  1083 | D        | Reached skill level 17 in Stealth
  1096 | D        | Learned a level 3 spell: Mephitic Cloud
  1105 | D        | Found a hide-covered altar of Uskayaw.
  1105 | D        | Found an iron altar of Okawaru.
  1105 | D        | Found a bloodstained altar of Trog.
  1105 | D        | Found an ornate altar of the Wu Jian Council.
  1105 | D        | Noticed a human
  1105 | D        | Noticed a human
  1108 | D        | Killed a human
  1109 | D        | Killed a human
  1130 | D        | Noticed a shadow
  1145 | D        | Killed a shadow
  1145 | D        | Reached ** piety under Dithmenos
  1146 | D        | Reached skill level 18 in Stealth
  1146 | D        | Reached XP level 8. HP: 42/42 MP: 9/9
  1230 | D        | Found a blossoming altar of Fedhas.
  1230 | D        | Found a stormy altar of Qazlal.
  1231 | D        | Found a snail-covered altar of Cheibriados.
  1231 | D        | Found a burning altar of Makhleb.
  1231 | D        | Found a hazy altar of Hepliaklqana.
  1231 | D        | Found a shimmering altar of Xom.
  1231 | D        | Found an opulent altar of Gozag.
  1231 | D        | Found a sparkling altar of Nemelex Xobeh.
  1231 | D        | Found a corrupted altar of Lugonu.
  1231 | D        | Found a viscous altar of Jiyva.
  1255 | D        | Reached skill level 10 in Throwing
  1286 | D        | Reached *** piety under Dithmenos
  1287 | D        | Reached skill level 19 in Stealth
  1390 | D        | Noticed a two-headed ogre
  1468 | D        | Noticed Erolcha
  1513 | D        | Killed a two-headed ogre
  1623 | D        | Noticed a two-headed ogre
  1728 | D        | Killed a two-headed ogre
  1729 | D        | Reached XP level 9. HP: 16/46 MP: 10/10
  1834 | D        | Killed from afar by Erolcha

Illustrated notes

Levels and vault maps discovered:
D:        dungeon_sprint_mu [sprint_mu_entry_cave, sprint_mu_temple_rooms,
          sprint_mu_d1_spiders, sprint_mu_d2_genie, sprint_mu_d3_branching,
          sprint_mu_orc_legion, sprint_mu_elf_gauntlet, sprint_mu_hive_nellie,
          sprint_mu_lair_fedhas, sprint_mu_vaults_butterflies,
          sprint_mu_slime_circle, sprint_mu_swamp_cave, sprint_mu_snake_twists,
          sprint_mu_blade_basic, sprint_mu_crypt_chambers,
          sprint_mu_tomb_spiral, sprint_mu_vestibule_basic,
          sprint_mu_gehenna_hellfire, sprint_mu_dis_giant,
          sprint_mu_tartarus_statrot, sprint_mu_cocytus_islands, sprint_mu_zot1]

Skill      XL: |  1  2  3  4  5  6  7  8 |
---------------+-------------------------+-----
Stealth        | 9 11 13 16 18 19 | 19.8
Fighting       | 2 3 4 |  4.9
Throwing       | 3 4 6 8 9 11 | 11.0
Dodging        | 2 3 4 5 6 7 |  7.6
Short Blades   | 3 4 5 6 7 |  7.6

Action                   |  1- 3 |  4- 6 |  7- 9 || total
-------------------------+-------+-------+-------++-------
Melee: Dagger            |    37 |    11 |    29 ||    77
Throw: Dart              |    20 |     3 |    18 ||    41
Evoke: Piece from Xom's  |       |       |     5 ||     5
  Use: Potion            |     1 |     1 |     1 ||     3
 Stab: Sleeping          |     1 |     1 |     8 ||    10
Armor: Robe              |       |     1 |       ||     1
Dodge: Dodged            |    22 |     5 |    16 ||    43

Table legend: (Time is in decaauts)
 A = Elapsed time spent in this place.
 B = Non-inter-level travel time spent in this place.
 C = Inter-level travel time spent in this place.
 D = Time resting spent in this place.
 E = Time spent auto-exploring this place.
 F = Levels seen in this place.
 G = Mean time per level.
                   A        B        C        D        E       F      G
               +--------+--------+--------+--------+--------+-----+--------+
         Total |   1615 |   1615 |      0 |   1201 |      5 |   1 | 1615.0 |
       Dungeon |   1615 |   1615 |      0 |   1201 |      5 |   1 | 1615.0 |
               +--------+--------+--------+--------+--------+-----+--------+

Top non-repeatable levels by time:
       D: 1615 daAuts
